AoeStats
← Hamza Khan

Fortress

509184205Analyzed
4v4 RM · 7d ago on Sep 25, 2026· 45m 39s· 8 players
Game mode
Random Map
Map size
Huge
Population
200
Speed
Normal
Resources
Standard
Victory
Conquest
Starting age
Dark Age
Ending age
Imperial Age
RankedLock teamsTeams togetherTeam positionsShared explorationLock speedFull tech treeHidden civsTurbo modeCheats
Victory
Defeat
🇺🇾 Spanish · Uruguay
1035
+10
🇷🇺 Saracens · Russia
1008
+11
🇻🇳 Teutons · Vietnam
990
+11
🇺🇸 Wei · United States
844
+17
🇫🇷 Hindustanis · France
922
-14
🇪🇸 Tatars · Spain
886
-12
🇸🇪 Burgundians · Sweden
883
-12
🇩🇰 Mongols · Denmark
850
-11
Syrus637
6:24 Feudal Age
8:20 Loom
11:11 Castle Age
9:26 Double-Bit Axe
10:05 Gold Mining
10:10 Horse Collar
13:42 Squires
13:45 Scale Mail Armor
16:35 Heavy Plow
17:24 Bow Saw
22:55 Wheelbarrow
23:25 Stone Mining
23:30 Arson
26:52 Imperial Age
28:39 Hand Cart
29:54 Husbandry
30:04 Bloodlines
30:03 Scale Barding Armor
30:09 Forging
32:57 Chemistry
32:18 Ballistics
32:01 Shatagni
32:27 Conscription
Cr4mer
6:42 Feudal Age
7:27 Double-Bit Axe
7:35 Horse Collar
11:59 Castle Age
13:20 Bow Saw
16:46 Heavy Plow
16:45 Gold Mining
18:44 Wheelbarrow
22:28 Fletching
22:38 Padded Archer Armor
22:40 Pikeman
25:20 Gold Shaft Mining
24:35 Stone Mining
25:04 Hand Cart
25:44 Bloodlines
25:35 Husbandry
29:33 Imperial Age
27:39 Bodkin Arrow
27:25 Light Cavalry
29:21 Squires
30:14 Forging
30:05 Scale Mail Armor
30:24 Leather Archer Armor
29:51 Capped Ram
33:21 Conscription
34:24 Iron Casting
34:04 Chain Mail Armor
34:42 Elite Mangudai
38:10 Stone Shaft Mining
37:17 Hussar
39:31 Bracer
45:21 Blast Furnace
44:51 Plate Mail Armor
Mephisst0
2:17 Loom
8:09 Feudal Age
9:37 Double-Bit Axe
10:07 Horse Collar
15:12 Castle Age
14:40 Wheelbarrow
14:21 Gold Mining
15:32 Bloodlines
15:35 Scale Barding Armor
16:59 Forging
16:45 Stone Mining
18:33 Town Watch
19:19 Bow Saw
20:52 Hand Cart
22:31 Husbandry
22:47 Heavy Plow
24:54 Fletching
26:22 Fervor
25:47 Light Cavalry
28:20 Gold Shaft Mining
29:22 Ballistics
31:41 Imperial Age
30:23 Treadmill Crane
30:42 Bodkin Arrow
31:08 Chain Barding Armor
31:23 Iron Casting
30:50 Padded Archer Armor
33:18 Heavy Cavalry Archer
34:34 Heavy Camel Rider
35:56 Conscription
36:31 Block Printing
38:14 Plate Barding Armor
38:46 Timurid Siegecraft
40:12 Blast Furnace
39:13 Bracer
Hamza Khan
1:10 Loom
7:17 Feudal Age
6:14 Double-Bit Axe
6:17 Horse Collar
8:42 Wheelbarrow
8:24 Bow Saw
11:08 Heavy Plow
14:57 Hand Cart
19:03 Castle Age
17:02 Stone Mining
17:22 Gold Mining
19:37 Pikeman
20:17 Squires
21:08 Crop Rotation
21:40 Two-Man Saw
21:29 Gold Shaft Mining
22:57 Caravan
27:28 Imperial Age
25:21 Caravan
27:25 Elite Skirmisher
28:40 Town Watch
29:44 Conscription
32:06 Chemistry
31:35 Fletching
31:46 Padded Archer Armor
31:56 Forging
31:47 Scale Mail Armor
32:10 Conscription
36:18 Flemish Revolution
DesveMX
1:55 Loom
8:54 Feudal Age
10:13 Double-Bit Axe
10:09 Horse Collar
12:50 Castle Age
22:17 Wheelbarrow
21:28 Town Watch
22:01 Bow Saw
21:52 Heavy Plow
23:55 Gold Mining
24:20 Bloodlines
23:30 Light Cavalry
24:20 Husbandry
24:45 Stone Mining
25:22 Scale Barding Armor
25:28 Forging
29:41 Imperial Age
27:49 Chain Barding Armor
28:12 Pikeman
28:53 Scale Mail Armor
30:19 Iron Casting
29:46 Hussar
29:49 Cavalier
31:09 Plate Barding Armor
30:56 Conscription
32:34 Two-Man Saw
32:22 Paladin
32:28 Elite Skirmisher
34:14 Chemistry
33:30 Padded Archer Armor
35:35 Blast Furnace
35:01 Thumb Ring
35:30 Fletching
36:44 Stone Shaft Mining
36:41 Squires
38:04 Bodkin Arrow
38:24 Leather Archer Armor
38:32 Ballistics
38:24 Capped Ram
39:57 Hand Cart
39:56 Masonry
41:36 Chain Mail Armor
41:11 Arson
41:00 Halberdier
41:48 Bracer
44:17 Plate Mail Armor
又菜又爱玩
7:36 Feudal Age
8:46 Double-Bit Axe
8:43 Horse Collar
10:20 Stone Mining
10:34 Gold Mining
13:55 Castle Age
15:32 Bow Saw
16:04 Wheelbarrow
16:05 Heavy Plow
18:15 Stone Mining
19:01 Gold Shaft Mining
19:22 Tuntian
20:27 Hand Cart
21:48 Scale Barding Armor
21:54 Forging
22:27 Fletching
23:51 Chain Barding Armor
24:43 Husbandry
24:57 Bloodlines
26:14 Iron Casting
26:49 Bodkin Arrow
27:32 Light Cavalry
30:48 Imperial Age
27:53 Light Cavalry
30:02 Padded Archer Armor
30:10 Elite Skirmisher
30:56 Thumb Ring
32:15 Hussar
33:26 Conscription
33:33 Ming Guang Armor
34:40 Chemistry
34:54 Bracer
35:55 Blast Furnace
Pipi kiwi
8:37 Feudal Age
9:06 Double-Bit Axe
9:23 Horse Collar
14:00 Castle Age
11:58 Stone Mining
12:32 Gold Mining
13:48 Forging
14:54 Heavy Plow
15:07 Bow Saw
16:43 Scale Barding Armor
18:39 Fletching
20:06 Wheelbarrow
21:38 Bodkin Arrow
27:30 Imperial Age
25:41 Hand Cart
26:29 Bloodlines
28:30 Iron Casting
30:38 Capped Ram
30:39 Onager
31:35 Husbandry
32:49 Blast Furnace
33:12 Chain Barding Armor
34:44 Gold Shaft Mining
35:51 Plate Barding Armor
35:39 Conscription
36:41 Town Watch
38:19 Siege Onager
41:06 Chemistry
41:07 Siege Engineers
44:44 Elite Mameluke
Shadow Wolf
7:52 Feudal Age
9:29 Double-Bit Axe
12:28 Castle Age
10:25 Horse Collar
13:45 Bow Saw
16:52 Wheelbarrow
17:57 Gold Mining
18:48 Heavy Plow
18:46 Stone Mining
20:12 Hand Cart
20:35 Stone Shaft Mining
22:41 Ballistics
22:31 Masonry
24:54 Scale Mail Armor
25:04 Forging
25:16 Squires
25:02 Arson
28:06 Imperial Age
28:10 Iron Casting
27:51 Chain Mail Armor
30:10 Chemistry
29:16 Siege Engineers
29:22 Fortified Wall
29:40 Conscription
28:42 Elite Teutonic Knight
29:45 Ironclad
29:55 Ironclad
30:31 Gambesons
31:49 Blast Furnace
31:19 Plate Mail Armor
31:29 Plate Mail Armor
40:23 Onager
Connection lost

Rejoining the realm…

Still unreachable

The connection could not be restored.

Session expired

The server has moved on; the page needs a fresh start.